 Dungeon Crawl Stone Soup version 0.13-a0-3104-gb5885e9 (webtiles) character file.

6832 Malachi the Protected (level 10, 0/77 HPs)
             Began as a Djinni Chaos Knight on Sept 19, 2013.
             Was a Plaything of Xom.
             Succumbed to a killer bee's poison
             ... on Level 8 of the Dungeon.
             The game lasted 00:32:36 (59210 turns).

Malachi the Protected (Djinni Chaos Knight)        Turns: 59210, Time: 00:32:36

HP   0/77        AC 17     Str 18      XL: 10   Next: 68%
MP   0/0         EV 19     Int 14      God: Xom
Gold 344         SH  0     Dex 18      Spells:  0 memorised,  9 levels left

Res.Fire  : + + +   See Invis. : +   h - +2,+3 great sword (chaos)
Res.Cold  : . . .   Warding    : .   f - +3 ring mail {rN+}
Life Prot.: + + +   Conserve   : .   (no shield)
Res.Poison: +       Res.Corr.  : .   i - +1 cap of the Purple Skies {Str+2 Int-3}
Res.Elec. : +       Clarity    : .   d - +0 cloak
Sust.Abil.: . .     Spirit.Shd : .   (no gloves)
Res.Mut.  : .       Stasis     : .   (boots unavailable)
Res.Rott. : .       Flight     : .   (no amulet)
Saprovore : . . .                    (no ring)
                                     (no ring)

@: confused, brilliant, agile, mildly poisoned, somewhat resistant to hostile
enchantments, unstealthy
A: fire immunity, cold vulnerability, antennae 1, claws 1, see invisible, life
protection 3, regeneration 1, electricity resistance, AC +5
a: Renounce Religion


You were on level 8 of the Dungeon.
You worshipped Xom.
You were a special plaything of Xom.
You were not hungry.

You visited 1 branch of the dungeon, and saw 8 of its levels.

You collected 324 gold pieces.

Inventory:

Hand weapons
 a - a +0,-1 falchion of chaos
 e - a +3,+1 elven dagger (quivered)
 h - a +2,+3 great sword of chaos (weapon)
Missiles
 l - 9 darts of frost
 p - 23 darts of flame
 K - 12 poisoned bolts
Armour
 b - a +2 leather armour
 d - a +0 cloak (worn)
 f - a +3 ring mail of positive energy (worn)
 i - the +1 cap of the Purple Skies (worn) {Str+2 Int-3}
   (Xom gifted it to you on level 1 of the Dungeon)

   It affects your strength (+2).
   It affects your intelligence (-3).
Magical devices
 k - a wand of polymorph (4)
 m - a wand of flame (16)
 q - a wand of cold (4)
 v - a wand of flame (15)
 w - a wand of disintegration (12)
 I - a wand of digging (8) {unknown}
Comestibles
 j - 14 royal jellies
 J - 5 pieces of ambrosia
Scrolls
 g - a scroll of summoning
 s - 2 scrolls of magic mapping
 C - a scroll of identify
Jewellery
 r - an uncursed amulet of clarity {unknown}
Potions
 n - a potion of poison
 A - a potion of heal wounds {unknown}
 B - a potion of speed {unknown}
 F - 2 potions of degeneration {unknown}
Magical staves
 D - an uncursed staff of fire
Rods
 y - a +2 rod of frigid destruction (14/14)
   (Xom gifted it to you on level 4 of the Dungeon)


   Skills:
 + Level 6.4 Fighting
 + Level 9.0 Long Blades
 + Level 9.2 Armour
 + Level 7.0 Dodging
 + Level 4.7 Stealth
 + Level 0.8 Evocations


You had 9 spell levels left.
You didn't know any spells.

Dungeon Overview and Level Annotations

Branches:
Dungeon (8/27)             Temple (0/1) D:4
    Orc: D:6-11        Lair: D:8-13

Altars:
Cheibriados
Elyvilon
Nemelex Xobeh
Sif Muna
Xom
Zin

Shops:
D:8 =


Innate Abilities, Weirdness & Mutations

You are immune to all types of fire, even holy and hellish.
You are vulnerable to cold.
You need no food.
You have no legs.
You are immune to negative energy.
You have a pair of small antennae on your head.
You have sharp fingernails.
You are mostly covered in thin metallic scales (AC +3).
You are partially covered in yellow scales (AC +2).
You have supernaturally acute eyesight.
Your natural rate of healing is unusually fast.
You are resistant to electric shocks.


Message History

You feel sick.
You feel a little better. The killer bee barely misses you.
The killer bee stings you but does no damage.
Drink which item? (? for menu, Esc to quit)
Okay, then.
Drink which item? (? for menu, Esc to quit)
You feel more agile all of a sudden.
It was a potion of agility.
* * * LOW HITPOINT WARNING * * *
You feel sick.
You feel a little better. The killer bee closely misses you.
The killer bee completely misses you.
The killer bee stings you but does no damage.
Drink which item? (? for menu, Esc to quit)
You feel protected.
It was a potion of resistance.
You die...
Xom snickers!

. #.#. ...... .
....# #.# ##...#
#..##+....##
##...#..P...########
.......P≈P..........
#...%P≈f.@....#
#.⌠..P..kk..(#
#............#
#....%#%.....#
#...#.#.###.##
###.#%#%# #.#
#.#.#%# #.# #.#.#.#
#.###### #.#.#.#
#.##...#


You could see a wandering mushroom and 2 killer bees.

Vanquished Creatures
  A yaktaur captain (D:4)
  A swamp dragon (shapeshifter) (D:5)
  A hill giant (D:3)
  Pikel (D:4)
  A griffon (D:4)
  2 cyclopes
  A dragon zombie (D:4)
  A two-headed ogre (D:4)
  A chaos spawn (D:2)
  A hill giant skeleton (D:4)
  2 manticores
  Menkaure (D:6)
  2 sky beasts
  2 orc priests
  2 slaves (D:4)
  2 ogres
  An ice beast (D:6)
  A phantom (D:3)
  Sigmund (D:3)
  A brain worm (shapeshifter) (D:1)
  Blork the orc (D:6)
  A yaktaur skeleton (D:4)
  3 giant frogs
  A manticore zombie (D:6)
  11 killer bees
  Duvessa (D:4)
  A hippogriff skeleton (D:8)
  A pulsating lump (shapeshifter) (D:4)
  A giant frog zombie (D:4)
  Dowan (D:4)
  6 crimson imps
  4 iguanas
  3 iron imps
  2 jellies
  A centaur zombie (D:5)
  Crazy Yiuf (D:5)
  4 hounds
  2 worker ants
  5 scorpions
  5 orc wizards
  Jessica (D:3)
  Terence (D:3)
  A hound skeleton (D:6)
  A worker ant zombie (D:5)
  14 adders
  A white imp (D:4)
  3 shadow imps
  A giant mite (D:5)
  4 lemures
  8 worms
  3 ufetubi (D:4)
  2 adder skeletons
  2 giant eyeballs
  5 giant geckos
  31 orcs
  22 bats
  3 bat skeletons
  2 bat zombies (D:6)
  4 giant cockroaches
  17 hobgoblins
  16 jackals
  18 kobolds
  6 quokkas
  4 ball pythons (D:3)
  12 giant newts
  16 goblins
  2 goblin skeletons (D:4)
  A hobgoblin skeleton (D:4)
  A jackal skeleton (D:6)
  13 rats
296 creatures vanquished.

Vanquished Creatures (collateral kills)
  A hobgoblin (D:1)
1 creature vanquished.

Vanquished Creatures (others)
  2 slaves (D:4)
  A hound (D:4)
  2 orc wizards (D:4)
  An orc (D:5)
  A quokka (D:4)
  A bat (D:4)
  A giant newt zombie (D:1)
  A kobold (D:4)
  7 plants (D:4)
17 creatures vanquished.

Grand Total: 314 creatures vanquished

Notes
Turn   | Place    | Note
--------------------------------------------------------------
     0 | D:1      | Malachi, the Djinni Chaos Knight, began the quest for the Orb.
     0 | D:1      | Reached XP level 1. HP: 15/15 MP: 0/0
   439 | D:1      | Reached XP level 2. EP: 21/21
   448 | D:1      | Reached skill level 1 in Dodging
   448 | D:1      | XOM: divination: magic mapping
   491 | D:1      | XOM is BORED!
   491 | D:1      | XOM: mild Hex miscast
   561 | D:1      | XOM: cast spell 'Blink'
   567 | D:1      | XOM: harmless Erth miscast
   837 | D:1      | XOM: mild Ice miscast
  1267 | D:1      | XOM: harmless Fire miscast
  1428 | D:1      | Reached XP level 3. EP: 12/28
  1549 | D:1      | XOM: harmless Conj miscast
  2522 | D:1      | XOM: colour smoke trail
  3121 | D:1      | XOM: give mutations
  3121 | D:1      | Gained mutation: You are agile. (Dex +2) [Xom's grace]
  3121 | D:1      | Gained mutation: You are somewhat resistant to further mutation. [Xom's grace]
  3245 | D:1      | XOM: vitrification
  3335 | D:1      | XOM: god gift: 9 poisoned bolts
  3407 | D:1      | XOM: god gift: scroll labeled IRICLE NAHA
  3588 | D:1      | XOM: god gift: runed great sword {god gift}
  3875 | D:1      | XOM is BORED!
  3875 | D:1      | XOM: mild Summ miscast
  3934 | D:1      | XOM: give mutations
  3934 | D:1      | Gained mutation: You are partially covered in thin metallic scales (AC +2). [Xom's grace]
  3934 | D:1      | Gained mutation: You are partially covered in slimy green scales (AC +2). [Xom's grace]
  3934 | D:1      | Gained mutation: You are mostly covered in thin metallic scales (AC +3). [Xom's grace]
  3934 | D:1      | Gained mutation: You have a pair of small antennae on your head. [Xom's grace]
  3975 | D:1      | XOM: divination: detect creatures
  4139 | D:1      | XOM: vitrification
  4200 | D:1      | XOM: divination: detect creatures
  4325 | D:1      | XOM: god gift: silvery potion
  4539 | D:1      | XOM: god gift: scroll labeled JYSKEXT IMYDUY
  4670 | D:1      | XOM: god gift: ichor-stained cap {god gift}
  4675 | D:1      | Got an ichor-stained cap {god gift}
  4678 | D:1      | Identified the +1 cap of the Purple Skies {Str+2 Int-3} (Xom gifted it to you on level 1 of the Dungeon)
  5173 | D:1      | XOM: god gift: 7 royal jellies
  5784 | D:1      | Noticed a giant frog
  5799 | D:1      | Killed a giant frog
  5799 | D:1      | Reached XP level 4. EP: 25/34
  6040 | D:1      | XOM: cast spell 'Flight'
  6533 | D:1      | XOM is BORED!
  6533 | D:1      | XOM: mild Ice miscast
  6994 | D:1      | Noticed a fire drake
  7002 | D:1      | Noticed a brain worm
  7004 | D:1      | Killed a brain worm
  7004 | D:1      | Reached skill level 4 in Armour
  7004 | D:1      | Reached XP level 5. EP: 30/41
  7042 | D:1      | XOM: colour smoke trail
  7046 | D:1      | XOM: divination: detect creatures
  7262 | D:1      | XOM: scenery: create altars
  7317 | D:1      | XOM: silly message
  8307 | D:1      | XOM: harmless Chrm miscast
  8584 | D:1      | XOM: silly message
  8597 | D:1      | XOM: 2-stop teleportation journey
  8643 | D:1      | XOM: harmless Trmt miscast
  8762 | D:1      | XOM: divination: detect creatures
  8952 | D:1      | XOM is BORED!
  8952 | D:1      | XOM: severe Trmt miscast
  9078 | D:1      | XOM: harmless Conj miscast
  9088 | D:1      | XOM: vitrification
  9862 | D:1      | XOM: god gift: trident {god gift}
 10732 | D:1      | XOM: harmless Tloc miscast
 10867 | D:1      | XOM: god gift: scroll labeled SKOMUOFINY
 10882 | D:1      | XOM: 3-stop teleportation journey
 11487 | D:1      | XOM: god gift: scroll labeled KABUL AVEASIC
 11946 | D:1      | XOM: stat loss: -1 Dex (14/15)
 12423 | D:1      | XOM: mild Summ miscast
 12648 | D:1      | XOM: noise
 12844 | D:1      | XOM: noise
 12918 | D:1      | XOM: summons 2 hostile demons
 13041 | D:1      | XOM: torment (28/41 hp)
 13591 | D:1      | XOM: give mutation
 13591 | D:1      | Gained mutation: You are dopey. (Int -2) [Xom's mischief]
 13659 | D:1      | XOM: stat loss: -1 Int (6/7)
 14092 | D:1      | XOM: mild Ice miscast
 14096 | D:1      | XOM: medium Fire miscast
 14171 | D:1      | XOM: scenery: create altars
 14737 | D:1      | Noticed a cyclops
 14751 | D:1      | Killed a cyclops
 14751 | D:1      | Reached skill level 5 in Armour
 14751 | D:1      | Reached XP level 6. EP: 16/47
 14751 | D:1      | Reached XP level 7. EP: 17/52
 15202 | D:1      | XOM: god gift: runed bronze wand {god gift}
 15235 | D:1      | XOM: vitrification
 15435 | D:1      | XOM: god gift: 9 darts of frost
 16405 | D:1      | XOM: divination: detect creatures
 17638 | D:1      | XOM: give mutations
 17638 | D:1      | Gained mutation: You can spit poison. [Xom's grace]
 17638 | D:1      | Gained mutation: Your muscles are strong. (Str +2) [Xom's grace]
 17638 | D:1      | Gained mutation: You have sharp fingernails. [Xom's grace]
 17976 | D:1      | XOM: cast spell 'Spider Form'
 18392 | D:1      | XOM: god gift: sedimented blue potion
 18396 | D:1      | Paralysed by a potion of paralysis for 4 turns
 18401 | D:1      | XOM: 2-stop teleportation journey
 18452 | D:1      | XOM: vitrification
 18762 | D:1      | XOM: give mutations
 18762 | D:1      | Gained mutation: You have a pair of antennae on your head. [Xom's grace]
 18762 | D:1      | Gained mutation: Your natural rate of healing is unusually fast. [Xom's grace]
 18762 | D:1      | Gained mutation: Your spells are a little harder to cast, but a little more powerful. [Xom's grace]
 18777 | D:1      | XOM: god gift: scroll of summoning
 19980 | D:1      | Noticed a green ugly thing
 20065 | D:2      | XOM is BORED!
 20065 | D:2      | XOM: medium Divn miscast
 20184 | D:2      | XOM: silly message
 20280 | D:2      | Reached skill level 6 in Armour
 20482 | D:2      | XOM: harmless Conj miscast
 20527 | D:2      | XOM: scenery: create altars
 20603 | D:2      | XOM: colour smoke trail
 20883 | D:2      | XOM: silly message
 21715 | D:2      | XOM: medium Fire miscast
 22111 | D:2      | XOM: give mutations
 22111 | D:2      | Gained mutation: You have supernaturally acute eyesight. [Xom's mischief]
 22111 | D:2      | Lost mutation: You can spit poison. [Xom's mischief]
 22111 | D:2      | Lost mutation: Your spells are a little harder to cast, but a little more powerful. [Xom's mischief]
 22615 | D:2      | XOM: mild Summ miscast
 22900 | D:2      | XOM: god gift: 23 darts of flame
 23534 | D:2      | XOM is BORED!
 23534 | D:2      | XOM: medium Summ miscast
 23535 | D:2      | Noticed a chaos spawn
 23540 | D:2      | Killed a chaos spawn
 23673 | D:2      | Noticed an ice dragon
 23679 | D:2      | XOM: summons friendly quasit
 23679 | D:2      | HP: 1/52 [ice dragon/blast of cold (51)]
 23802 | D:3      | Noticed Sigmund
 23819 | D:3      | Killed Sigmund
 23975 | D:3      | Noticed Terence
 23981 | D:3      | Killed Terence
 24037 | D:3      | Noticed Jessica
 24042 | D:3      | Killed Jessica
 24279 | D:3      | Found a white marble altar of Elyvilon.
 24280 | D:3      | Found a shimmering altar of Xom.
 24280 | D:3      | Found a snail-covered altar of Cheibriados.
 24281 | D:3      | Found a glowing silver altar of Zin.
 24709 | D:3      | Found a deep blue altar of Sif Muna.
 25004 | D:3      | XOM: enchant monster (bad)
 25116 | D:3      | XOM: silly message
 25341 | D:3      | XOM: mild Divn miscast
 26969 | D:3      | XOM: harmless Divn miscast
 27237 | D:3      | XOM: silly message
 27426 | D:3      | XOM: mild Erth miscast
 28471 | D:3      | XOM: god gift: 21 gold pieces
 29213 | D:3      | XOM: mild Erth miscast
 29237 | D:3      | XOM: mild Conj miscast
 29373 | D:3      | XOM: vitrification
 29438 | D:3      | XOM: scenery: create altars
 29657 | D:3      | XOM: colour smoke trail
 30132 | D:3      | XOM: cast spell 'Spider Form'
 30538 | D:3      | XOM: harmless Chrm miscast
 30994 | D:3      | Reached skill level 5 in Long Blades
 31068 | D:3      | XOM: silly message
 31248 | D:3      | Noticed a cyclops
 31249 | D:3      | XOM: divination: detect creatures
 31251 | D:3      | XOM: mild Fire miscast
 31255 | D:3      | XOM: harmless Divn miscast
 31268 | D:3      | HP: 1/53 [cyclops (18)]
 31269 | D:3      | Killed a cyclops
 31269 | D:3      | Reached skill level 7 in Armour
 31269 | D:3      | Reached XP level 8. EP: 1/61
 31273 | D:3      | Noticed a hill giant
 31274 | D:3      | XOM: summons 8 friendly demons
 31275 | D:4      | Found a staircase to the Ecumenical Temple.
 31358 | D:4      | XOM: give mutations
 31358 | D:4      | Lost mutation: You are dopey. (Int -2) [Xom's mischief]
 31358 | D:4      | Gained mutation: You are frail (-10% HP). [Xom's mischief]
 31358 | D:4      | Lost mutation: You are frail (-10% HP). [Xom's mischief]
 31424 | D:3      | HP: 1/61 [hill giant/giant club (10)]
 31425 | D:3      | Killed a hill giant
 31610 | D:3      | XOM: harmless Pois miscast
 31616 | D:3      | Noticed a troll
 31617 | D:3      | Noticed an orc knight
 31619 | D:3      | XOM: mild Fire miscast
 31824 | D:4      | Noticed Dowan
 31825 | D:4      | Noticed Duvessa
 31839 | D:4      | Killed Duvessa
 31844 | D:4      | Killed Dowan
 32012 | D:4      | XOM: medium Summ miscast
 32024 | D:4      | XOM: summons 3 hostile demons
 32028 | D:4      | XOM: blink monster(s)
 32032 | D:4      | XOM: enchant monster (good)
 32037 | D:4      | Noticed Pikel
 32042 | D:4      | XOM: potion effect (speed)
 32043 | D:4      | XOM: enchant monster (good)
 32057 | D:4      | Killed Pikel
 32057 | D:4      | Reached skill level 5 in Fighting
 32057 | D:4      | Reached skill level 8 in Armour
 32057 | D:4      | Reached XP level 9. EP: 65/67
 32097 | D:4      | XOM: give mutation
 32097 | D:4      | Lost mutation: You are partially covered in slimy green scales (AC +2). [Xom's mischief]
 32109 | D:4      | Found a sparkling altar of Nemelex Xobeh.
 32736 | D:4      | XOM: summons 4 hostile demons
 32982 | D:4      | XOM: harmless Erth miscast
 33201 | D:4      | XOM: give mutation
 33201 | D:4      | Lost mutation: You are agile. (Dex +2) [Xom's mischief]
 33674 | D:4      | XOM: harmless Trmt miscast
 34230 | D:5      | Entered Level 5 of the Dungeon
 34259 | D:4      | XOM: mild Divn miscast
 34449 | D:4      | XOM: silly message
 34783 | D:4      | XOM: summons 4 hostile shadow creatures
 34976 | D:4      | XOM: noise
 35239 | D:4      | XOM: cast spell 'Dragon Form'
 35840 | D:4      | Reached skill level 5 in Dodging
 36289 | D:4      | XOM: cast spell 'Dragon Form'
 36536 | D:4      | XOM: god gift: gnarled jewelled rod {god gift}
 36552 | D:4      | Identified a +2 rod of frigid destruction (14/14) (Xom gifted it to you on level 4 of the Dungeon)
 37856 | D:4      | XOM: summons 1 hostile demon
 37956 | D:4      | XOM: medium Summ miscast
 38051 | D:4      | XOM: noise
 38377 | D:4      | Noticed a dryad
 38383 | D:4      | Noticed a four-headed hydra
 38383 | D:4      | a dryad changed into a four-headed hydra
 38383 | D:4      | Noticed a catoblepas
 38383 | D:4      | a four-headed hydra changed into a catoblepas
 38387 | D:4      | Noticed a queen ant
 38387 | D:4      | a catoblepas changed into a queen ant
 38392 | D:4      | XOM: enchant monster (bad)
 38394 | D:4      | a queen ant changed into a slime creature
 38397 | D:4      | Noticed a glowing shapeshifter
 38397 | D:4      | a slime creature changed into a glowing shapeshifter
 38397 | D:4      | a glowing shapeshifter changed into a slime creature
 38400 | D:4      | Noticed a shining eye
 38400 | D:4      | a slime creature changed into a shining eye
 38401 | D:4      | a shining eye changed into a pulsating lump
 38506 | D:4      | XOM: silly message
 38610 | D:4      | XOM: colour smoke trail
 39382 | D:4      | XOM: mild Summ miscast
 41146 | D:4      | XOM: god gift: blue potion
 41150 | D:4      | XOM: mild Summ miscast
 41419 | D:4      | XOM: colour smoke trail
 41922 | D:4      | XOM: vitrification
 42690 | D:4      | XOM: give mutations
 42690 | D:4      | Gained mutation: You are resistant to electric shocks. [Xom's grace]
 42690 | D:4      | Gained mutation: You are partially covered in icy blue scales (AC +1). [Xom's grace]
 42690 | D:4      | Gained mutation: You are agile. (Dex +2) [Xom's grace]
 42690 | D:4      | Gained mutation: You possess an exceptional clarity of mind. [Xom's grace]
 43223 | D:4      | Paralysed by a giant eyeball for 2 turns
 43240 | D:4      | Paralysed by a giant eyeball for 4 turns
 43246 | D:4      | Paralysed by a giant eyeball for 4 turns
 43273 | D:4      | XOM: god gift: 58 gold pieces
 43326 | D:4      | XOM: divination: detect creatures
 43414 | D:4      | XOM: colour smoke trail
 43475 | D:4      | Noticed a yaktaur captain
 43491 | D:4      | Killed a yaktaur captain
 43491 | D:4      | Reached XP level 10. EP: 31/75
 44032 | D:4      | XOM is BORED!
 44032 | D:4      | XOM: noise
 44168 | D:4      | XOM: harmless Trmt miscast
 44328 | D:4      | Noticed a griffon
 44330 | D:4      | XOM: inner flame monster(s)
 44336 | D:4      | Killed a griffon
 44412 | D:4      | XOM: noise
 44566 | D:4      | XOM: harmless Summ miscast
 44942 | D:4      | XOM: cast spell 'Spider Form'
 45032 | D:4      | XOM: mild Conj miscast
 45401 | D:5      | XOM is BORED!
 45401 | D:5      | XOM: noise
 45434 | D:5      | XOM: scenery: 1 doors open, 1 doors close
 45531 | D:5      | XOM is BORED!
 45531 | D:5      | XOM: medium Trmt miscast
 45550 | D:5      | XOM: severe Ice miscast
 45604 | D:5      | Noticed Crazy Yiuf
 45606 | D:5      | Killed Crazy Yiuf
 45844 | D:5      | XOM: mild Pois miscast
 46026 | D:5      | Reached skill level 9 in Armour
 46255 | D:5      | XOM: silly message
 46276 | D:5      | XOM: scenery: create altars
 46321 | D:5      | XOM: silly message
 46412 | D:5      | XOM: god gift: curved runed staff {god gift}
 46461 | D:5      | XOM: divination: detect creatures
 46504 | D:5      | XOM: mild Summ miscast
 46668 | D:5      | XOM: divination: detect creatures
 46705 | D:5      | XOM: colour smoke trail
 46774 | D:5      | XOM: harmless Summ miscast
 46997 | D:5      | XOM is BORED!
 46997 | D:5      | XOM: noise
 47142 | D:5      | XOM: 5-stop teleportation journey
 47250 | D:5      | XOM: harmless Necr miscast
 47366 | D:5      | XOM: god gift: 7 royal jellies
 48136 | D:5      | XOM is BORED!
 48136 | D:5      | XOM: medium Chrm miscast
 48200 | D:5      | XOM: medium Hex miscast
 48421 | D:5      | XOM: give mutations
 48421 | D:5      | Lost mutation: You possess an exceptional clarity of mind. [Xom's mischief]
 48421 | D:5      | Lost mutation: You have a pair of antennae on your head. [Xom's mischief]
 48421 | D:5      | Lost mutation: You are agile. (Dex +2) [Xom's mischief]
 48507 | D:5      | XOM: god gift: scroll of teleportation
 48725 | D:5      | XOM: mild Hex miscast
 48822 | D:5      | Noticed a faun
 48822 | D:5      | a glowing shapeshifter changed into a faun
 48822 | D:5      | XOM: summons 3 hostile shadow creatures
 48828 | D:5      | Noticed a moth of wrath
 48828 | D:5      | a faun changed into a moth of wrath
 48830 | D:5      | Noticed a swamp dragon
 48830 | D:5      | a moth of wrath changed into a swamp dragon
 48837 | D:5      | Killed a swamp dragon
 49194 | D:5      | XOM: silly message
 49508 | D:5      | XOM: harmless Divn miscast
 49964 | D:5      | XOM is BORED!
 49964 | D:5      | XOM: give mutations
 49964 | D:5      | Lost mutation: You are somewhat resistant to further mutation. [Xom's mischief]
 49964 | D:5      | Lost mutation: You are partially covered in icy blue scales (AC +1). [Xom's mischief]
 49964 | D:5      | Lost mutation: Your muscles are strong. (Str +2) [Xom's mischief]
 50115 | D:5      | XOM: cast spell 'Necromutation'
 50201 | D:5      | XOM: silly message
 50884 | D:5      | Noticed an orc knight
 51215 | D:6      | Noticed Menkaure
 51218 | D:6      | Killed Menkaure
 51321 | D:6      | XOM: silly message
 51546 | D:6      | XOM: noise
 51669 | D:6      | XOM: harmless Tloc miscast
 51788 | D:6      | XOM: confuse monster(s)
 51799 | D:6      | XOM: cast spell 'Stoneskin'
 51840 | D:6      | XOM: cast spell 'Dispersal'
 51846 | D:6      | Paralysed by a giant eyeball for 3 turns
 51923 | D:6      | XOM: silly message
 51939 | D:6      | Noticed Blork the orc
 51945 | D:6      | Killed Blork the orc
 52228 | D:6      | XOM: god gift: 5 pieces of ambrosia
 52410 | D:6      | XOM: god gift: 12 poisoned bolts
 52469 | D:6      | XOM: scenery: create altars
 52580 | D:6      | XOM: 2-stop teleportation journey
 53131 | D:6      | XOM: medium Fire miscast
 53226 | D:6      | XOM: divination: detect creatures
 53341 | D:6      | XOM: mild Summ miscast
 54241 | D:6      | XOM: medium Erth miscast
 54446 | D:6      | XOM: harmless Necr miscast
 54663 | D:6      | XOM: god gift: scroll labeled QENYUNKULLO
 54665 | D:6      | XOM: colour smoke trail
 55012 | D:6      | XOM: silly message
 55064 | D:6      | XOM: colour smoke trail
 55490 | D:6      | XOM: divination: detect creatures
 55575 | D:6      | XOM: harmless Divn miscast
 55964 | D:6      | XOM: divination: detect creatures
 56145 | D:6      | XOM: scenery: create altars
 56313 | D:6      | XOM: divination: detect creatures
 56332 | D:6      | XOM: silly message
 57313 | D:6      | XOM: divination: detect creatures
 57629 | D:6      | XOM: silly message
 57762 | D:6      | Noticed an ogre mage
 57770 | D:6      | XOM: potion effect (speed)
 58312 | D:6      | XOM: medium Ice miscast
 58942 | D:6      | XOM: god gift: worn ivory wand {god gift}
 59051 | D:6      | XOM: silly message
 59053 | D:6      | XOM: noise
 59057 | D:8      | Found Arpheeme's Jewellery Shop.
 59152 | D:8      | XOM: potion effect (brilliance)
 59160 | D:8      | XOM: polymorph plant -> wandering mushroom
 59185 | D:8      | XOM: confusion
 59187 | D:8      | HP: 3/77 [killer bee (6)]
 59206 | D:8      | HP: 3/77 [killer bee (5)]
 59208 | D:8      | Gained mutation: You are partially covered in yellow scales (AC +2). [potion of beneficial mutation]
 59208 | D:8      | HP: 1/77 [poisoned by a killer bee]
 59210 | D:8      | Succumbed to a killer bee's poison

Action                   |  1- 3 |  4- 6 |  7- 9 | 10-12 || total
-------------------------+-------+-------+-------+-------++-------
Melee: Falchion          |   106 |       |       |     5 ||   111
       Great sword       |    31 |    32 |   478 |   327 ||   868
Evoke: Wand              |       |       |     1 |     3 ||     4
       Rod               |       |       |     3 |       ||     3
  Use: Scroll            |     3 |     2 |     9 |     7 ||    21
       Potion            |     1 |       |     4 |    10 ||    15
 Stab: Paralysed         |     1 |       |     2 |     7 ||    10
       Confused          |       |       |     1 |     2 ||     3
       Betrayed ally     |       |       |     1 |       ||     1
       Petrifying        |       |       |       |     1 ||     1
       Petrified         |       |       |       |     1 ||     1
       Sleeping          |       |       |       |     1 ||     1
